Map: Catalyst LE

Players

sOs - Winner!

  • Race: Protoss Protoss
  • Spawn Location: 11:00

Elazer

  • Race: Zerg Zerg
  • Spawn Location: 5:00

Event: IEM Season 12 - Katowice

VOD

Have the link to the VOD?

Description

Time

  • Played on: March 2, 2018, 1:11 p.m.
  • Length: 9:58
Show
View Real Time Build Order
Export as new Build Order

sOs Protoss - Winner!

Build Orders: 1 Gate Expand, Oracle Opening, Phoenix Opening, Archon Immortal, Zealot Archon 

Get SALT Encoding   

  12  0:00  Probe  
  13  0:12  Probe  
  14  0:18  Pylon  
  14  0:24  Probe  
  15  0:37  Probe (Chrono Boost)  
  16  0:44  Gateway  
  16  0:46  Probe (Chrono Boost)  
  17  0:51  Probe  
  17  0:52  Assimilator  
  18  1:03  Probe  
  19  1:15  Probe  
  20  1:30  Nexus  
  20  1:35  Cybernetics Core  
  20  1:39  Probe  
  21  1:45  Assimilator  
  21  1:51  Probe  
  21  1:53  Pylon  
  22  2:03  Probe  
  23  2:11  Adept (Chrono Boost)  
  23  2:15  Probe  
  26  2:20  Stargate  
  26  2:27  Probe  
  27  2:30  Warp Gate  
  27  2:33  Adept  
  29  2:42  Probe (Chrono Boost)  
  31  2:44  Probe (Chrono Boost)  
  31  2:53  Probe (Chrono Boost)  
  31  2:55  Probe (Chrono Boost)  
  33  3:02  Phoenix (Chrono Boost)  
  33  3:03  Probe  
  36  3:05  Probe  
  37  3:15  Gateway  
  37  3:16  Gateway  
  38  3:20  Probe, Oracle (Chrono Boost)  
  38  3:26  Probe  
  42  3:32  Pylon  
  42  3:33  Probe  
  43  3:39  Probe  
  43  3:40  Twilight Council  
  44  3:47  Probe, Pylon  
  45  3:51  Probe  
  46  3:57  Pylon  
  46  4:02  Probe  
  47  4:03  Probe  
  48  4:14  Probe, Resonating Glaives (Chrono Boost)  
  48  4:15  Probe  
  50  4:24  Assimilator  
  50  4:25  Assimilator  
  50  4:26  Probe  
  50  4:27  Probe  
  52  4:34  Pylon  
  52  4:36  Adept x3, Robotics Facility  
  58  4:38  Probe  
  58  4:39  Probe  
  60  4:59  Adept x3  
  66  5:14  Gateway  
  66  5:18  Gateway  
  66  5:19  Gateway  
  66  5:20  Immortal (Chrono Boost)  
  70  5:34  Probe x2  
  70  5:35  Pylon  
  72  5:38  Sentry x3, Nexus  
  72  5:42  Pylon  
  78  5:44  Charge (Chrono Boost)  
  78  5:50  Forge  
  74  5:57  Immortal (Chrono Boost)  
  73  6:04  Probe x2  
  73  6:06  Zealot  
  73  6:07  Zealot x2  
  75  6:20  Protoss Ground Weapons Level 1 (Chrono Boost)  
  73  6:26  Probe x2, Templar Archives  
  75  6:33  Immortal (Chrono Boost)  
  75  6:37  Pylon  
  79  6:46  Probe x2  
  81  6:50  Probe  
  81  6:53  Psionic Storm  
  82  6:57  Gateway  
  82  6:58  Probe  
  82  6:59  Gateway  
  83  7:05  High Templar  
  83  7:06  Probe x2  
  87  7:10  Probe, High Templar  
  87  7:11  Zealot x3  
  96  7:20  Probe  
  96  7:22  Shield Battery  
  97  7:24  Photon Cannon  
  97  7:26  Immortal (Chrono Boost)  
  98  7:34  Zealot x3  
  104  7:38  Archon  
  104  7:44  Zealot x3  
  94  7:54  Zealot x3  
  91  7:59  Pylon  
  91  8:00  Shield Battery  
  91  8:05  Probe x2  
  81  8:11  High Templar x3  
  81  8:12  High Templar  
  89  8:13  Probe  
  89  8:15  Warp Prism (Chrono Boost)  
  89  8:17  Probe x2  
  94  8:21  Protoss Ground Armor Level 1 (Chrono Boost)  
  94  8:23  Zealot x3, Shield Battery  
  94  8:24  Sentry  
  102  8:37  Probe  
  102  8:38  Probe x2  
  102  8:40  Pylon  
  102  8:41  Assimilator  
  105  8:45  Observer (Chrono Boost), Assimilator  
  106  8:52  Zealot x5  
  116  8:57  Pylon  
  116  9:03  Zealot x3  
  119  9:14  Probe x2  
  119  9:15  Probe  
  120  9:18  Zealot, High Templar x2  
  120  9:20  Zealot  
  126  9:24  Archon  
  126  9:41  Archon  
  126  9:42  Archon  
  126  9:43  Zealot x4  
  132  9:49  Pylon  
Show
View Real Time Build Order
Export as new Build Order

Elazer Zerg 

Build Orders: Hatch First 

Get SALT Encoding   

  12  0:00  Drone  
  13  0:12  Overlord  
  13  0:16  Drone  
  14  0:31  Drone x2  
  16  0:49  Drone x2  
  18  0:59  Hatchery  
  18  1:03  Extractor  
  16  1:05  Drone  
  17  1:15  Spawning Pool  
  16  1:19  Drone  
  16  1:22  Drone  
  18  1:28  Drone  
  19  1:42  Overlord  
  19  2:01  Queen  
  19  2:02  Zergling x4, Metabolic Boost  
  23  2:10  Queen  
  23  2:11  Drone  
  26  2:17  Drone  
  26  2:21  Drone  
  29  2:22  Drone  
  29  2:38  Zergling x4  
  31  2:45  Hatchery  
  30  2:52  Overlord  
  30  2:53  Drone  
  30  2:54  Drone  
  30  2:57  Drone  
  33  3:07  Queen  
  33  3:08  Overlord  
  35  3:14  Drone x2  
  35  3:15  Drone  
  38  3:21  Drone x3  
  38  3:25  Drone  
  42  3:30  Overlord  
  42  3:37  Drone  
  42  3:41  Drone  
  44  3:48  Spore Crawler  
  43  3:50  Spore Crawler, Drone x2  
  43  3:51  Drone  
  43  3:54  Drone  
  46  3:56  Drone x2  
  46  3:57  Queen  
  50  4:02  Lair  
  50  4:06  Overlord  
  50  4:12  Roach Warren  
  50  4:15  Drone x2  
  50  4:16  Drone  
  50  4:17  Drone  
  50  4:19  Drone  
  50  4:20  Drone  
  51  4:33  Spore Crawler, Queen  
  51  4:35  Zergling x4  
  51  4:36  Zergling x4  
  56  4:45  Overlord  
  56  4:48  Zergling x6  
  56  4:49  Zergling x2  
  56  4:51  Roach  
  56  4:52  Roach  
  63  4:54  Roach  
  63  4:59  Overlord  
  65  5:00  Glial Reconstitution  
  65  5:03  Extractor  
  65  5:05  Extractor  
  65  5:06  Drone x3  
  66  5:07  Drone  
  66  5:09  Drone  
  66  5:11  Overlord  
  66  5:13  Drone  
  69  5:15  Drone  
  69  5:16  Drone  
  71  5:26  Roach x3  
  76  5:34  Overlord  
  76  5:35  Drone x5  
  81  5:44  Drone x2  
  81  5:45  Drone x2  
  81  5:48  Overlord  
  85  5:52  Roach  
  85  5:53  Roach  
  84  5:59  Drone x3  
  84  6:00  Drone  
  84  6:01  Drone  
  84  6:03  Overlord  
  83  6:07  Drone  
  83  6:08  Drone  
  83  6:10  Drone x2  
  86  6:12  Drone  
  86  6:13  Drone  
  82  6:18  Extractor  
  82  6:22  Roach x3  
  88  6:33  Roach x5  
  88  6:34  Overlord  
  88  6:37  Roach  
  100  6:40  Roach  
  100  6:44  Roach x3  
  105  6:48  Roach x2  
  105  6:53  Roach x2  
  113  6:55  Roach  
  113  7:00  Overlord  
  115  7:01  Roach  
  115  7:02  Roach  
  115  7:07  Roach  
  115  7:08  Extractor  
  120  7:09  Overlord  
  120  7:13  Overlord  
  120  7:15  Ravager  
  122  7:17  Overlord  
  125  7:22  Ravager x4  
  125  7:25  Drone x4  
  125  7:27  Drone  
  125  7:28  Drone x3  
  134  7:33  Evolution Chamber, Extractor  
  134  7:35  Drone x5, Extractor  
  136  7:37  Ravager x2  
  132  7:50  Drone  
  117  7:53  Drone  
  117  7:58  Drone x2  
  86  8:08  Hydralisk Den  
  86  8:10  Roach x9  
  100  8:21  Hatchery  
  100  8:22  Drone x2  
  100  8:24  Zergling x16  
  109  8:31  Overlord  
  109  8:39  Muscular Augments  
  109  8:40  Lurker Den, Hydralisk  
  109  8:41  Hydralisk x3  
  110  8:45  Overseer  
  116  8:50  Hydralisk x3  
  116  8:52  Drone, Overlord  
  123  8:56  Drone x3  
  126  9:03  Drone x4  
  126  9:09  Drone x2  
  132  9:14  Hydralisk  
  132  9:15  Hydralisk x3  
  138  9:20  Ravager x3  
  138  9:22  Zergling x12  
  139  9:25  Ravager  
  139  9:27  Roach  
  139  9:28  Roach  

Tags
 
Add a new tag
Caveats
  • Supply blocks, unpowered buildings, or Contaminate may cause inaccurate times.
  • Supply counts are checked every 10 seconds.